 Dungeon Crawl Stone Soup version 0.26.0-10-g1f06aea511 (webtiles) character file.

Game seed: 7161075665825114202

97 Dracia the Poker (level 4, -2/33 HPs)
             Began as a Demonspawn Gladiator on Jan 22, 2021.
             Slain by a gnoll
             ... wielding a +0 spear
              (3 damage)
             ... on level 2 of the Dungeon.
             The game lasted 00:02:54 (1887 turns).

Dracia the Poker (Demonspawn Gladiator)             Turns: 1887, Time: 00:02:54

Health: -2/33      AC:  5    Str: 15    XL:     4   Next: 42%
Magic:  4/4        EV: 12    Int:  9    God:
Gold:   118        SH:  0    Dex: 15    Spells: 3/3 levels left

rFire    . . .     SeeInvis .   a - +0 trident
rCold    . . .     Faith    .   (no shield)
rNeg     . . .     Spirit   .   b - +0 leather armour
rPois    .         Reflect  .   c - +0 helmet
rElec    .         Harm     .   (no cloak)
rCorr    .         Rampage  .   h - +0 pair of gloves
Will     .....                  (no boots)
Stlth    +.........             (no amulet)
HPRegen  0.11/turn              (no ring)
MPRegen  0.09/turn              (no ring)

@: no status effects
A: foul stench 1, miasma immunity
a: no special abilities


You were on level 2 of the Dungeon.
You visited 1 branch of the dungeon, and saw 2 of its levels.

You collected 118 gold pieces.


Innate Abilities, Weirdness & Mutations

You may emit foul miasma when damaged in melee.
You are immune to miasma.


   Skills:
 - Level 2.0 Fighting
 + Level 4.8 Polearms
 - Level 1.7 Throwing
 - Level 2.6 Dodging


You had 3 spell levels left.
You didn't know any spells.
Your spell library was empty.

Inventory:

Hand Weapons
 a - a +0 trident (weapon)
Missiles
 d - 3 throwing nets (quivered) {=f=f}
Armour
 b - a +0 leather armour (worn)
 c - a +0 helmet (worn)
 h - a +0 pair of gloves (worn)
Jewellery
 n - an uncursed ring of wizardry {unknown}
Scrolls
 e - 2 scrolls of identify {@r1@r1}
 j - a scroll of immolation {unknown}
 k - a scroll of magic mapping {unknown}
 l - 2 scrolls of remove curse {unknown}
Potions
 f - a potion of lignification {unknown}
 g - a potion of attraction

Dungeon Overview and Level Annotations

Branches:
Dungeon (2/15)

Altars:

#.##..##.##.#.........#
####..#####.#..###.#.##
#........#.(..)....#.#
########.#.##..##..# #
# .##...#.##..##[.#.
###.##.###........... #
#...##...#....###.####
# #.######.#........#
####
#..÷.g)@.#....#####
#..÷ ####.)####....#
#.## #..# #...## #.#
#..# #...# #.## #g.#
#...# #...
#..####...########...
.............)......#
...................#.#
.....................#


You could see a gnoll.


Message History

Unknown command.
Reach: a) +0 trident
Press: ? - help, Dir - move target, f/p - gnoll
Aim: a gnoll, wielding a +0 halberd (almost dead)
You reach to attack!
You puncture the gnoll!
You kill the gnoll!
The gnoll closely misses you.
The gnoll hits you from afar with a +0 spear.
* * * LOW HITPOINT WARNING * * *
Reach: a) +0 trident
Press: ? - help, Dir - move target, f - gnoll
Aim: a gnoll, wielding a +0 spear You reach to attack!
You hit the gnoll but do no damage.
The gnoll hits you from afar with a +0 spear.
* * * LOW HITPOINT WARNING * * *
Unknown command.
Reach: a) +0 trident
Press: ? - help, Dir - move target, f/p - gnoll
Aim: a gnoll, wielding a +0 spear You reach to attack!
You hit the gnoll.
The gnoll is moderately wounded.
The gnoll barely misses you.
Unknown command.
Reach: a) +0 trident
Press: ? - help, Dir - move target, f/p - gnoll
Aim: a gnoll, wielding a +0 spear (moderately wounded)
You reach to attack!
You hit the gnoll.
The gnoll is heavily wounded.
The gnoll hits you from afar with a +0 spear.
You die...

Skill      XL: |  1  2  3 |
---------------+----------+-----
Polearms       | 3 4 |  4.8
Fighting       | |  2.0
Throwing       | |  1.7
Dodging        | |  2.6

Action                   |  1- 3 |  4- 6 || total
-------------------------+-------+-------++-------
Melee: Trident           |   163 |    16 ||   179
  Use: Scroll            |     2 |     1 ||     3
       Potion            |     1 |       ||     1
 Stab: Sleeping          |     1 |       ||     1
Armor: Leather armour    |    52 |     1 ||    53
Dodge: Dodged            |   103 |    19 ||   122

Levels and vault maps discovered:
D:1:      dpeg_arrival_leaves_temple_mockup, layout_basic, minmay_pentomino_w2
D:2:      layout_loops_cross, bh_walls_and_bars

Notes
Turn   | Place    | Note
-------+----------+-------------------------------------------
     0 | D:1      | Dracia the Demonspawn Gladiator began the quest for the
                  | Orb.
     0 | D:1      | Reached XP level 1. HP: 16/16 MP: 1/1
    57 | D:1      | Reached skill level 3 in Polearms
   321 | D:1      | Gained mutation: You are immune to miasma. [demonic
                  | ancestry]
   321 | D:1      | Reached XP level 2. HP: 18/22 MP: 2/2
   711 | D:1      | Reached XP level 3. HP: 27/27 MP: 3/3
  1030 | D:2      | Reached skill level 4 in Polearms
  1586 | D:2      | Gained mutation: You may emit foul miasma when damaged in
                  | melee. [demonic ancestry]
  1586 | D:2      | Reached XP level 4. HP: 25/33 MP: 4/4
  1884 | D:2      | HP: 3/33 [gnoll/+0 spear (5)]
  1885 | D:2      | HP: 1/33 [gnoll/+0 spear (2)]
  1887 | D:2      | Slain by a gnoll

Vanquished Creatures
  An adder (D:2)
  3 gnolls (D:2)
  2 worms (D:2)
  3 dart slugs (D:1)
  A leopard gecko (D:1)
  5 giant cockroaches
  4 goblins
  5 hobgoblins
  3 jackals (D:2)
  A ball python (D:1)
  6 bats
  4 frilled lizards
  4 kobolds
  5 rats
47 creatures vanquished.

Table legend: (Time is in decaauts)
 A = Elapsed time spent in this place.
 B = Non-inter-level travel time spent in this place.
 C = Inter-level travel time spent in this place.
 D = Time resting spent in this place.
 E = Time spent auto-exploring this place.
 F = Levels seen in this place.
 G = Mean time per level.
                   A        B        C        D        E       F      G
               +--------+--------+--------+--------+--------+-----+--------+
         Total |   1907 |   1888 |     19 |    411 |   1119 |   2 |  953.5 |
       Dungeon |   1907 |   1888 |     19 |    411 |   1119 |   2 |  953.5 |
               +--------+--------+--------+--------+--------+-----+--------+

Top non-repeatable levels by time:
     D:1: 966 daAuts
     D:2: 941 daAuts

Table legend:
 A = Non-vault XP
 B = Vault XP
 C = Vault XP percentage of total XP
 D = Non-vault monster count
 E = Vault monster count
 F = Vault count percentage of total count
                 A         B        C        D         E       F
            +---------+---------+-------+---------+---------+-------
      Total |     133 |       6 |   4.3 |      45 |       2 |   4.3
            +---------+---------+-------+---------+---------+-------
        D:1 |      40 |       6 |  13.0 |      23 |       2 |   8.0
        D:2 |      93 |       0 |   0.0 |      22 |       0 |   0.0
            +---------+---------+-------+---------+---------+-------
